 Dungeon Crawl Stone Soup version 0.28-a0-1227-ga9037bb4c8 (webtiles) character file.

Game seed: 9562807697133002302

148 bearlyready the Vandal (level 5, -1/39 HPs)
             Began as a Demonspawn Hunter on Dec 22, 2021.
             Succumbed to a scorpion's poison
             ... on level 4 of the Dungeon.
             The game lasted 00:03:36 (2954 turns).

bearlyready the Vandal (Demonspawn Hunter)          Turns: 2954, Time: 00:03:37

Health: -1/39      AC:  6    Str: 12    XL:     5   Next: 8%
Magic:  5/5        EV:  9    Int: 13    God:
Gold:   162        SH:  0    Dex: 15    Spells: 4/4 levels left

rFire   . . .      SeeInvis .   a - +1 hunting sling
rCold   . . .      Faith    .   (no shield)
rNeg    . . .      Spirit   .   h - +0 scale mail
rPois   .          Reflect  .   (helmet restricted)
rElec   .          Harm     .   (no cloak)
rCorr   .          Rampage  .   (no gloves)
Will    .....                   (no boots)
Stlth   ..........              (no amulet)
HPRegen 0.13/turn               (no ring)
MPRegen 0.09/turn               (no ring)

@: lethally poisoned (-1 -> -9), attractive, flying
A: claws 2, hooves 1, horns 1
a: no special abilities


You were on level 4 of the Dungeon.
You visited 1 branch of the dungeon, and saw 4 of its levels.

You collected 162 gold pieces.

Inventory:

Hand Weapons
 a - a +1 hunting sling (weapon)
 b - a +3 dagger of electrocution
 n - a +0 spear
 v - a +0 short sword
Missiles
 d - 19 sling bullets
 f - 65 stones (quivered ammo)
Armour
 c - a +0 leather armour
 h - a +0 scale mail (worn)
Jewellery
 i - a ring of poison resistance
 q - a ring of wizardry
Wands
 k - a wand of charming (1) (quivered)
Scrolls
 g - 2 scrolls of identify {unknown}
 j - a scroll of brand weapon {unknown}
 l - a scroll of blinking {unknown}
 m - a scroll of teleportation {unknown}
 o - a scroll of fog {unknown}
 p - a scroll of amnesia {unknown}
 r - a scroll of vulnerability {unknown}
 s - a scroll of immolation {unknown}
 t - a scroll of silence {unknown}
Potions
 e - 2 potions of flight
 w - a potion of haste {unknown}


   Skills:
 - Level 2.4 Fighting
 + Level 5.6 Slings
 - Level 1.7 Dodging
 - Level 0.8 Stealth
 + Level 0.2 Unarmed Combat


You had 4 spell levels left.
You didn't know any spells.
Your spell library contained the following spells:

 Spells                   Type           Power      Damage    Failure   Level
 Animate Skeleton         Necr           0%         N/A       86%         1
 Pain                     Necr           0%         1d4       86%         1
 Blink                    Tloc           0%         N/A       95%         2
 Lesser Beckoning         Tloc           0%         N/A       99%         3
 Vampiric Draining        Necr           0%         2d6       99%         3
 Manifold Assault         Tloc           0%         N/A       100%        5


Dungeon Overview and Level Annotations

Branches:
Dungeon (4/15)
 Temple: D:4-7

Altars:

Shops:
D:1 :

Annotations:
D:4 2 runed translucent doors, SensoryNuts's ghost, amateur DsFi


Innate Abilities, Weirdness & Mutations

You have very sharp fingernails.
You have large cloven feet.
You have a pair of small horns on your head.


Message History

Aiming: Charm
Press: ? - help, Shift-Dir - straight line, f/p - scorpion
Aim: a scorpion (chance to affect: 46%)
The scorpion resists with some effort.
You feel very sick. The scorpion stings you.
Aiming: Charm
Press: ? - help, Shift-Dir - straight line, f/p - scorpion
Aim: a scorpion (chance to affect: 46%)
The scorpion resists with some effort.
You feel sick. The scorpion stings you.
Aiming: Charm
Press: ? - help, Shift-Dir - straight line, f/p - scorpion
Aim: a scorpion (chance to affect: 46%)
The scorpion resists with some effort.
You feel sick. The scorpion stings you.
* * * LOW HITPOINT WARNING * * *
You are lethally poisoned!
The scorpion poisons you!
Aiming: Charm
Press: ? - help, Shift-Dir - straight line, f/p - scorpion
Aim: a scorpion (chance to affect: 46%)
The scorpion is charmed.
* * * LOW HITPOINT WARNING * * *
You feel very sick.
It was a potion of flight.
You feel very buoyant.
You fly up into the air.
* * * LOW HITPOINT WARNING * * *
You feel very sick. What are your orders? t - Shout!
Orders for allies: a - Attack new target. p - Attack previous target. r - Retreat! s - Stop attacking. g - Guard the area. f - Follow me.
Anything else - Cancel.
Guard this area!
* * * LOW HITPOINT WARNING * * *
You feel very sick.
It was a potion of attraction.
You feel attractive to monsters.
You die...

...#.........#....
...#.........#....
...#.........#...
...#.........#..#
...#.........#..#####
...#.........#..#..(#
...#.........#..#...+
...#.........'..#...#
...#............@s..#
...##...............#
........#########..##
........#....OK. ....#
...##...#.......#....+
...##...#.......+....#
........#.(.....+......
........#.)... ..####
........#..O.


You could see a friendly scorpion (charmed, wandering).

Vanquished Creatures
  An orc wizard (D:3)
  An adder (D:2)
  An ufetubus (D:4)
  A worm (D:2)
  2 dart slugs
  8 orcs
  8 endoplasms
  A giant cockroach (D:1)
  4 hobgoblins
  2 jackals (D:3)
  6 kobolds
  3 quokkas
  4 ball pythons
  6 bats
  7 frilled lizards
  8 goblins
  4 rats
67 creatures vanquished.

Vanquished Creatures (others)
  An iguana (D:3)
1 creature vanquished.

Grand Total: 68 creatures vanquished

Notes
Turn   | Place    | Note
-------+----------+-------------------------------------------
     0 | D:1      | bearlyready the Demonspawn Hunter began the quest for the
                  | Orb.
     0 | D:1      | Reached XP level 1. HP: 16/16 MP: 1/1
   273 | D:1      | Reached skill level 4 in Slings
   283 | D:1      | Found Ibymy's Book Shop.
   287 | D:1      | Discovered your monstrous ancestry.
   287 | D:1      | Gained mutation: You have large cloven feet. [demonic
                  | ancestry]
   287 | D:1      | Reached XP level 2. HP: 17/22 MP: 2/2
  1149 | D:2      | Gained mutation: You have sharp fingernails. [demonic
                  | ancestry]
  1149 | D:2      | Reached XP level 3. HP: 27/27 MP: 3/3
  1406 | D:2      | Found a faded altar of an unknown god.
  1776 | D:3      | Reached skill level 5 in Slings
  1803 | D:3      | Gained mutation: You have a pair of small horns on your
                  | head. [demonic ancestry]
  1803 | D:3      | Reached XP level 4. HP: 16/33 MP: 4/4
  2432 | D:3      | Gained mutation: You have very sharp fingernails. [demonic
                  | ancestry]
  2432 | D:3      | Reached XP level 5. HP: 23/39 MP: 5/5
  2925 | D:4      | Noticed an ogre
  2925 | D:4      | Noticed SensoryNuts's ghost (amateur DsFi)
  2929 | D:4      | Found a runed translucent gate.
  2935 | D:4      | Found a runed translucent gate.
  2953 | D:4      | HP: 1/39 [poisoned by a scorpion]
  2954 | D:4      | Succumbed to a scorpion's poison

Illustrated notes

Levels and vault maps discovered:
D:1:      dpeg_arrival_water_fire, layout_basic, serial_shops,
          nicolae_shop_crystal, kennysheep_pointless_box
D:2:      layout_loops_ring, ebering_ecumenical_altar_hall,
          chequers_serial_rivers_micro_b
D:3:      layout_loops_corners
D:4:      layout_gridville, gammafunk_ghost_split, minmay_starry_boxes

Skill      XL: |  1  2  3 |
---------------+----------+-----
Slings         | 4 5 |  5.6
Fighting       | |  2.4
Dodging        | |  1.7
Stealth        | |  0.8
Unarmed Combat | |  0.2

Action                   |  1- 3 |  4- 6 || total
-------------------------+-------+-------++-------
Melee: Unarmed           |       |     2 ||     2
       Headbutt          |       |     1 ||     1
 Fire: Hunting sling     |   131 |    71 ||   202
Evoke: Wand              |     2 |     4 ||     6
  Use: Potion            |       |     2 ||     2
Armor: Leather armour    |     6 |       ||     6
       Scale mail        |     5 |     7 ||    12
Dodge: Dodged            |    21 |     7 ||    28

Table legend: (Time is in decaauts)
 A = Elapsed time spent in this place.
 B = Non-inter-level travel time spent in this place.
 C = Inter-level travel time spent in this place.
 D = Time resting spent in this place.
 E = Time spent auto-exploring this place.
 F = Levels seen in this place.
 G = Mean time per level.
                   A        B        C        D        E       F      G
               +--------+--------+--------+--------+--------+-----+--------+
         Total |   2951 |   2857 |     94 |      0 |   2444 |   4 |  737.8 |
       Dungeon |   2951 |   2857 |     94 |      0 |   2444 |   4 |  737.8 |
               +--------+--------+--------+--------+--------+-----+--------+

Top non-repeatable levels by time:
     D:3: 1284 daAuts
     D:1: 991 daAuts
     D:2: 624 daAuts
     D:4: 50 daAuts
